 Dungeon Crawl Stone Soup version 0.30.1-4-g462c640d31 (webtiles) character file.

Game seed: 7661143206426175309

65 zorgos the Trooper (level 3, -1/33 HPs)
             Began as a Draconian Fighter on June 7, 2023.
             Killed by divine providence
             ... invoked by an orc priest
              (13 damage)
             ... on level 3 of the Dungeon on Aug 27, 2023.
             The game lasted 00:07:21 (1700 turns).

zorgos the Trooper (Draconian Fighter)              Turns: 1700, Time: 00:07:22

Health: -1/33      AC:  6    Str: 18    XL:     3   Next: 92%
Magic:  3/3        EV: 12    Int: 10    God:
Gold:   131        SH:  9    Dex: 10    Spells: 2/2 levels left

rFire   . . .        a - +0 flail
rCold   + . .        b - +0 buckler
rNeg    . . .        (body armour unavailable)
rPois   .            (helmet restricted)
rElec   .            g - +0 cloak
rCorr   .            (no gloves)
SInv    .            (no boots)
Will    .....        t - amulet of reflection
Stlth   +            q - ring of protection from cold
HPRegen 0.25/turn    (no ring)
MPRegen 0.08/turn

%: reflection
@: no status effects
A: AC +5, unfitting armour, cold-blooded
a: no special abilities


You were on level 3 of the Dungeon.
You visited 1 branch of the dungeon, and saw 3 of its levels.

You collected 131 gold pieces.

Inventory:

Hand Weapons
 a - a +0 flail (weapon)
Armour
 b - a +0 buckler (worn)
 g - a +0 cloak (worn)
 n - a +1 robe of fire resistance
Magical Staves
 f - a staff of conjuration
Jewellery
 q - a ring of protection from cold (left hand)
 t - an amulet of reflection (around neck)
Scrolls
 d - 2 scrolls of noise {unknown}
 j - a scroll of amnesia {unknown}
 l - a scroll of teleportation {unknown}
 m - a scroll of enchant weapon {unknown}
 o - a scroll of immolation {unknown}
 p - a scroll of identify {unknown}
 s - a scroll of vulnerability {unknown}
Potions
 c - a potion of might
 e - 2 potions of attraction {unknown}
 h - 2 potions of brilliance {unknown}
 i - 2 potions of heal wounds {unknown}
 k - a potion of degeneration {unknown}
 r - a potion of curing {unknown}


   Skills:
 + Level 3.8 Fighting
 + Level 2.6 Maces & Flails
 + Level 3.2 Dodging
 + Level 0.4 Stealth
 + Level 3.4 Shields
 + Level 0.1 Spellcasting


You had 2 spell levels left.
You didn't know any spells.
Your spell library contained the following spells:

 Spells                   Type           Power      Damage    Failure   Level
 Necrotise                Necr           0%         1d4       43%         1
 Vampiric Draining        Necr           0%         2d6       82%         3
 Agony                    Necr           0%         N/A       100%        5


Dungeon Overview and Level Annotations

Branches:
Dungeon (3/15)

Altars:

Shops:
D:2 [


Innate Abilities, Weirdness & Mutations

Your plain brown scales are hard. (AC +5)
You cannot fit into any form of body armour.
You are cold-blooded and may be slowed by cold attacks.


Message History

Found a buckler.
t - an amulet of reflection No target in view!
An orc priest and an orc come into view.
The orc priest shouts!
The orc shouts!
An orc priest comes into view. It is wielding a +0 flail.
An orc comes into view. It is wielding a +0 dagger.
The orc shouts!
The orc priest calls down the wrath of Beogh upon you.
You barely resist.
The orc priest calls down the wrath of Beogh upon you.
Beogh smites you!
You start putting on your amulet.
You continue putting on your amulet of reflection.
The orc priest barely misses you.
You continue putting on your amulet of reflection.
The orc closely misses you.
The orc priest hits you but does no damage.
Keep equipping yourself?
You continue putting on your amulet of reflection.
The orc hits you but does no damage.
You continue putting on your amulet of reflection.
The orc hits you with a +0 club.
The orc priest miscasts a cantrip.
The orc priest hits you with a +0 flail.
You continue putting on your amulet of reflection.
The orc wizard shouts!
You hear an angry hiss.
The orc wizard gestures wildly while chanting.
The orc wizard flickers and vanishes!
Deactivating autopickup; reactivate with Ctrl-A.
The orc priest hits you with a +0 flail.
You finish putting on your amulet of reflection.
You feel a shielding aura gather around you.
t - an amulet of reflection (around neck)
The orc priest casts a cantrip, but nothing happens.
The orc priest calls down the wrath of Beogh upon you.
Beogh smites you!
The orc priest calls down the wrath of Beogh upon you.
Beogh smites you!
You die...

#......# #......#
#..o# [# ..
##..o##.###...
###..............
#.....o..........
#.♣♣♣♣.o........
# ♣♣.......##.
♣@.........
♣.........# ..
♣.........# #.♣
♣♣♣...)#....#
#.♣♣...##.#....#
#..............#
#...#...#......#
##......#..#.###
#.##......#.#


You could see 2 orc priests and 2 orcs.

Vanquished Creatures
  2 adders (D:2)
  5 orcs (D:2)
  5 ball pythons
  4 endoplasms
  6 goblins
  3 hobgoblins (D:2)
  3 kobolds
  A quokka (D:1)
  4 bats
  2 frilled lizards (D:1)
  5 rats
40 creatures vanquished.

Notes
Turn   | Place    | Note
-------+----------+-------------------------------------------
     0 | D:1      | zorgos the Draconian Fighter began the quest for the Orb.
     0 | D:1      | Reached XP level 1. HP: 19/19 MP: 1/1
   329 | D:1      | Reached XP level 2. HP: 24/26 MP: 2/2
   734 | D:1      | Upgraded the game from 0.30.0-29-ga12c61a403 to
                  | 0.30.1-4-g462c640d31
   762 | D:2      | Found Moenai's Armour Shop.
   845 | D:2      | Reached XP level 3. HP: 31/31 MP: 3/3
  1700 | D:3      | Killed from afar by an orc priest

Illustrated notes

Levels and vault maps discovered:
D:1:      evilmike_arrival_hilbert_curve, layout_loops_ring,
          minmay_misc_feat_tower
D:2:      layout_basic, serial_shops, shop, chequers_avenue, wad_orctagon
D:3:      layout_basic, nrook_campfire, minmay_tree_intersection, uniq_sigmund

Skill      XL: |  1  2 |
---------------+-------+-----
Dodging        | 3 |  3.2
Fighting       | |  3.8
Maces & Flails | |  2.6
Stealth        | |  0.4
Shields        | |  3.4
Spellcasting   | |  0.1

Action                     || total
---------------------------++-------
  Melee: Flail             ||   119
         Tailslap          ||     6
   Stab: Sleeping          ||     2
 Armour: Skin              ||    42
  Dodge: Dodged            ||    61
  Block: Buckler           ||    19
